 Dungeon Crawl Stone Soup version 0.29-a0-334-gb41bcbb86e (webtiles) character file.

Game seed: 18408593034056713793

11023 bizdof the Covert (level 11, -3/54 HPs)
             Began as a Spriggan Enchanter on Apr 14, 2022.
             Was a Believer of Dithmenos.
             Slain by a phantasmal warrior (20 damage)
             ... led by a death knight
             ... on level 11 of the Dungeon.
             The game lasted 00:39:25 (14637 turns).

bizdof the Covert (Spriggan Enchanter)             Turns: 14637, Time: 00:39:26

Health: -3/54      AC:  8    Str: 14    XL:     11   Next: 43%
Magic:  26/27      EV: 25    Int: 17    God:    Dithmenos [**....]
Gold:   907        SH:  0    Dex: 26    Spells: 16/32 levels left

rFire   . . .      SeeInvis +   o - +4 quick blade
rCold   . . .      Faith    .   (no shield)
rNeg    . . .      Spirit   .   w - +0 steam dragon scales
rPois   .          Reflect  .   (helmet restricted)
rElec   .          Harm     .   v - +2 cloak
rCorr   .          Rampage  .   (gloves unavailable)
Will    .....                   (boots unavailable)
Stlth   +++++++...              j - amulet of magic regeneration
HPRegen 0.18/turn               m - +6 ring of strength
MPRegen 0.60/turn               F - +6 ring of dexterity

@: confusing by touch, weak-willed, wreathed by umbra, very quick
A: very small, no large weapons, unfitting armour, see invisible, speed 3, agile
2
a: Renounce Religion, Shadow Step


You were on level 11 of the Dungeon.
You worshipped Dithmenos.
Dithmenos was pleased with you.
You visited 2 branches of the dungeon, and saw 12 of its levels.
You also visited: Bailey.

You collected 907 gold pieces.

Inventory:

Hand Weapons
 a - a +1 dagger of draining
 l - a +5 dagger of speed
 o - a +4 quick blade (weapon)
Missiles
 s - 24 poisoned darts (quivered)
 z - a throwing net
 B - 5 curare-tipped darts
Armour
 v - a +2 cloak (worn)
 w - +0 steam dragon scales (worn)
Jewellery
 j - an amulet of magic regeneration (around neck)
 m - a +6 ring of strength (left hand)
 C - an amulet of reflection
 F - a +6 ring of dexterity (right hand)
Wands
 f - a wand of flame (18)
 g - a wand of iceblast (3)
 D - a wand of polymorph (3)
Scrolls
 d - 3 scrolls of magic mapping
 e - 3 scrolls of amnesia
 i - 4 scrolls of immolation
 p - a scroll of holy word
 r - 2 scrolls of blinking
 t - 6 scrolls of fog
 y - a scroll of teleportation
Potions
 b - a potion of might
 c - 4 potions of invisibility
 h - a potion of lignification {unknown}
 k - 2 potions of brilliance
 n - 6 potions of curing
 q - 3 potions of resistance
 u - 3 potions of cancellation {unknown}
 x - a potion of attraction {unknown}
 A - a potion of flight {unknown}
 E - a potion of ambrosia {unknown}


   Skills:
 + Level 4.5 Fighting
 + Level 6.1 Short Blades
 + Level 8.0 Dodging
 + Level 13.2 Stealth
 + Level 11.4 Spellcasting
 + Level 11.5 Hexes


You had 16 spell levels left.
You knew the following spells:

 Your Spells              Type           Power      Damage    Failure   Level
a - Ensorcelled Hibernat  Hex/Ice        58%        N/A       1%          2
b - Tukima's Dance        Hex            49%        N/A       1%          3
c - Dazzling Flash        Conj/Hex       58%        N/A       1%          3
d - Confusing Touch       Hex            49%        N/A       1%          3
e - Blink                 Tloc           18%        N/A       11%         2
f - Mephitic Cloud        Conj/Pois/Air  9%         N/A       22%         3

Your spell library contained the following spells:

 Spells                   Type           Power      Damage    Failure   Level
 Animate Skeleton         Necr           18%        N/A       8%          1
 Magic Dart               Conj           36%        1d4       8%          1
 Pain                     Necr           36%        1d5       8%          1
 Call Imp                 Summ           9%         N/A       11%         2
 Yara's Violent Unravell  Hex/Tmut       14%        3d7       19%         5
 Lesser Beckoning         Tloc           9%         N/A       22%         3
 Ozocubu's Armour         Ice            9%         N/A       22%         3
 Vampiric Draining        Necr           9%         2d6       22%         3
 Ice Form                 Ice/Tmut       9%         N/A       58%         4
 Passage of Golubria      Tloc           9%         N/A       58%         4
 Alistair's Intoxication  Tmut/Pois      6%         N/A       90%         5
 Borgnjor's Vile Clutch   Necr/Erth      4%         N/A       90%         5
 Manifold Assault         Tloc           9%         N/A       90%         5
 Eringya's Noxious Bog    Tmut/Pois      4%         N/A       100%        6
 Simulacrum               Ice/Necr       4%         N/A       100%        6
 Ozocubu's Refrigeration  Ice            4%         4d5       100%        7


Dungeon Overview and Level Annotations

Branches:
Dungeon (11/15)            Temple (1/1) D:4            Lair (0/6) D:10
 Bailey (visited)
    Orc: D:9-12

Altars:
Ashenzari
Cheibriados
Dithmenos
Elyvilon
Fedhas
Gozag
Hepliaklqana
Kikubaaqudgha
Makhleb
Nemelex Xobeh
Okawaru
Qazlal
Ru
Sif Muna
Trog
Uskayaw
Vehumet
Wu Jian
Xom
Yredelemnul
Zin
The Shining One


Innate Abilities, Weirdness & Mutations

You are very small and have problems with some larger weapons.
You are too small for most types of armour.
You have supernaturally acute eyesight. (SInv)
You cover ground extremely quickly. (Speed+++)
You are very agile. (Dex +4)


Message History

You kill the hornet!
Dithmenos accepts your kill.
You see here a hornet corpse.
Your magical contamination has completely faded away.
You now have 890 gold pieces (gained 10).
You now have 907 gold pieces (gained 17).
A wraith comes into view.
A wraith is nearby!
A death knight comes into view.
It is wielding a +1 battleaxe. 2 phantasmal warriors come into view.
The phantasmal warrior gestures at you.
The phantasmal warrior blinks!
The helpless wraith fails to defend itself.
You skewer the wraith like a kebab!!!!
You destroy the wraith!
Dithmenos accepts your kill.
The helpless death knight fails to defend itself.
You stick the death knight like a pincushion!!!!
You kill the death knight!
Dithmenos accepts your kill. The phantasmal warrior hits you!!
Your Dodging skill increases to level 8!
Unknown command.
Unknown command.
Casting: Ensorcelled Hibernation (safe; 1% risk of failure)
Confirm with . or Enter, or press ? or * to list all spells.
Your hands begin to glow red.
The phantasmal warrior completely misses you.
The phantasmal warrior hits you but does no damage.
You hit the phantasmal warrior but do no damage.
You hit the phantasmal warrior but do no damage.
You hit the phantasmal warrior but do no damage.
The phantasmal warrior hits you!
Your willpower is stripped away!
The phantasmal warrior hits you!
You hit the phantasmal warrior but do no damage.
Unknown command.
You hit the phantasmal warrior but do no damage.
The phantasmal warrior closely misses you.
The phantasmal warrior hits you!!
You die...

#...##.#.. #...##.###
#.#.##.# #....#.#
####.#.###
############# #.>...$
#........!..###+#....
#...W...........†....
#..)@W...............
###########..........
#..........
#..........
#..........
###########


You could see 2 phantasmal warriors.

Vanquished Creatures
  A two-headed ogre (D:9)
  A death knight (D:11)
  Sonja (D:10)
  Pikel (D:8)
  2 cyclopes
  Grinder (D:3)
  A hornet (D:11)
  A wraith (D:11)
  4 wyverns
  8 yaks
  2 steam dragons
  A vampire mosquito (D:7)
  A water moccasin (D:5)
  6 orc warriors
  3 sky beasts
  A black bear (D:6)
  An ice beast (D:6)
  3 ogres
  11 centaurs
  3 phantoms
  A bullfrog (D:6)
  3 necrophages
  2 kobold brigands
  2 gnoll sergeants
  2 scorpions (D:5)
  A water moccasin skeleton (D:4)
  6 killer bees
  A howler monkey (D:8)
  A lava snake (D:10)
  3 jellies
  4 orc priests
  5 hounds
  A bullfrog skeleton (D:4)
  3 iguanas
  7 orc wizards
  4 hell rats (D:10)
  A hound skeleton (D:4)
  12 gnolls
  3 adders
  2 river rats (D:10)
  A shadow imp (D:7)
  3 white imps
  An ufetubus (D:5)
  2 adder zombies (D:4)
  3 worms
  A dart slug (D:3)
  41 orcs
  7 ball pythons
  12 endoplasms
  5 giant cockroaches
  10 goblins
  6 hobgoblins
  4 jackals (D:2)
  3 quokkas
  3 bats (D:1)
  12 frilled lizards
  15 kobolds
  12 rats
258 creatures vanquished.

Vanquished Creatures (collateral kills)
  A two-headed ogre (D:8)
  An orc warrior (Bailey)
  A gnoll (D:5)
  10 orcs (Bailey)
13 creatures vanquished.

Vanquished Creatures (others)
  A centaur warrior (D:8)
  A two-headed ogre (D:9)
  A basilisk (D:8)
  6 dancing weapons
  A water moccasin (D:8)
  A gnoll (D:9)
  A plant (D:2)
12 creatures vanquished.

Grand Total: 283 creatures vanquished

Notes
Turn   | Place    | Note
-------+----------+-------------------------------------------
     0 | D:1      | bizdof the Spriggan Enchanter began the quest for the Orb.
     0 | D:1      | Reached XP level 1. HP: 9/9 MP: 5/5
    73 | D:2      | You fall into a shaft and drop 2 floors!
   231 | D:4      | Noticed an iguana
   249 | D:3      | Noticed an orc wizard
   594 | D:2      | Reached XP level 2. HP: 9/13 MP: 7/7
   597 | D:2      | Learned a level 2 spell: Ensorcelled Hibernation
  1520 | D:1      | Reached XP level 3. HP: 13/16 MP: 9/9
  2184 | D:1      | Learned a level 3 spell: Tukima's Dance
  2188 | D:1      | Learned a level 3 spell: Confusing Touch
  2507 | D:1      | Found a faded altar of an unknown god.
  2616 | D:2      | Got the Disquisition on the Snowflakes
  3074 | D:3      | Reached skill level 5 in Hexes
  3074 | D:3      | Reached XP level 4. HP: 18/21 MP: 9/11
  3508 | D:3      | Noticed Grinder
  3519 | D:3      | Killed Grinder
  3520 | D:3      | Reached skill level 5 in Spellcasting
  3520 | D:3      | Reached XP level 5. HP: 24/24 MP: 12/14
  3520 | D:3      | Reached XP level 6. HP: 28/28 MP: 12/15
  3544 | D:3      | Found a shimmering blue altar of Sif Muna.
  4140 | D:3      | Found an iron altar of Okawaru.
  4481 | D:4      | Found a staircase to the Ecumenical Temple.
  4495 | D:4      | Reached skill level 5 in Stealth
  4501 | Temple   | Entered the Ecumenical Temple
  5688 | D:4      | Reached XP level 7. HP: 22/32 MP: 17/17
  5810 | D:4      | Reached skill level 6 in Stealth
  6002 | D:5      | Entered Level 5 of the Dungeon
  6173 | D:5      | Reached skill level 7 in Stealth
  6268 | D:5      | Identified the +2 ring mail of Zin's Esteem {rElec rF+
                  | Will- Regen+ Str+4}
  6598 | D:5      | Reached XP level 8. HP: 36/36 MP: 18/20
  6726 | D:6      | Reached skill level 8 in Stealth
  7064 | D:6      | Found a hazy altar of Hepliaklqana.
  7209 | D:6      | Reached skill level 9 in Stealth
  7216 | D:6      | Found a glowing silver altar of Zin.
  7426 | D:6      | Gained mutation: Your mind is acute. (Int +2) [potion of
                  | mutation]
  7426 | D:6      | Gained mutation: You are clumsy. (Dex -2) [potion of
                  | mutation]
  7426 | D:6      | Gained mutation: You have sharp toenails. [potion of
                  | mutation]
  7427 | D:6      | Lost mutation: Your mind is acute. (Int +2) [potion of
                  | mutation]
  7427 | D:6      | Lost mutation: You have sharp toenails. [potion of
                  | mutation]
  7427 | D:6      | Gained mutation: You sometimes lose the ability to read
                  | scrolls when taking damage. [potion of mutation]
  7427 | D:6      | Gained mutation: You are partially covered in iridescent
                  | scales. (AC +2) [potion of mutation]
  7428 | D:6      | Lost mutation: You sometimes lose the ability to read
                  | scrolls when taking damage. [potion of mutation]
  7428 | D:6      | Lost mutation: You are clumsy. (Dex -2) [potion of
                  | mutation]
  7428 | D:6      | Lost mutation: You are partially covered in iridescent
                  | scales. (AC +2) [potion of mutation]
  7428 | D:6      | Gained mutation: Your spells are a little easier to cast,
                  | but a little less powerful. [potion of mutation]
  7428 | D:6      | Gained mutation: Potions are less effective at restoring
                  | your health. [potion of mutation]
  7428 | D:6      | Lost mutation: Your spells are a little easier to cast, but
                  | a little less powerful. [potion of mutation]
  7564 | D:6      | Identified a scroll of acquirement
  7564 | D:6      | Acquired a +4 quick blade
  7797 | D:6      | Reached skill level 10 in Stealth
  7797 | D:6      | Reached XP level 9. HP: 28/39 MP: 17/23
  8915 | D:7      | Reached skill level 1 in Fighting
  9153 | D:7      | Noticed a cyclops
  9158 | D:7      | Killed a cyclops
  9371 | D:7      | Found a sparkling altar of Nemelex Xobeh.
  9401 | D:7      | Reached skill level 10 in Hexes
  9405 | D:7      | Found a shimmering altar of Xom.
  9539 | D:8      | Found a flagged portal.
  9540 | D:8      | Noticed Pikel
  9574 | D:8      | Killed Pikel
  9575 | D:8      | Reached skill level 5 in Dodging
  9575 | D:8      | Reached skill level 11 in Stealth
  9631 | Bailey   | Entered a bailey
  9650 | Bailey   | Reached skill level 10 in Spellcasting
  9796 | Bailey   | Reached XP level 10. HP: 28/47 MP: 13/25
 10204 | Bailey   | Identified the +1 ring mail of Articulation {rN+ Str-2
                  | SInv}
 10514 | D:8      | Noticed a cyclops
 10514 | D:8      | Noticed a manticore
 10514 | D:8      | Noticed a centaur warrior
 10514 | D:8      | Noticed a cyclops
 10515 | D:8      | Noticed a centaur warrior
 10515 | D:8      | Noticed a seven-headed hydra
 10515 | D:8      | Noticed a four-headed hydra
 10536 | D:8      | Noticed a centaur warrior
 10644 | D:8      | Noticed a two-headed ogre
 10884 | D:8      | Killed a two-headed ogre
 10999 | D:8      | Found a shadowy altar of Dithmenos.
 11009 | D:8      | Became a worshipper of Dithmenos the Shadowed
 11597 | D:9      | Noticed a two-headed ogre
 11629 | D:8      | Killed a centaur warrior
 11905 | D:7      | Reached skill level 12 in Stealth
 11994 | D:9      | Killed a two-headed ogre
 12033 | D:9      | Reached skill level 5 in Short Blades
 12033 | D:9      | Noticed a two-headed ogre
 12066 | D:9      | Killed a two-headed ogre
 12690 | D:9      | Found a radiant altar of Vehumet.
 12815 | D:10     | Entered Level 10 of the Dungeon
 12836 | D:10     | Reached * piety under Dithmenos
 13015 | D:10     | Noticed a death yak
 13020 | D:10     | Noticed a death yak
 13023 | D:10     | Reached XP level 11. HP: 53/53 MP: 21/26
 13026 | D:10     | Noticed a death yak
 13079 | D:10     | Noticed Sonja
 13108 | D:10     | Killed Sonja
 13455 | D:9      | Learned a level 3 spell: Dazzling Flash
 13458 | D:9      | Learned a level 2 spell: Blink
 13462 | D:9      | Learned a level 3 spell: Mephitic Cloud
 13762 | D:10     | Lost mutation: Potions are less effective at restoring your
                  | health. [potion of mutation]
 13762 | D:10     | Gained mutation: You are agile. (Dex +2) [potion of
                  | mutation]
 13762 | D:10     | Gained mutation: You are very agile. (Dex +4) [potion of
                  | mutation]
 13809 | D:10     | Found a glowing golden altar of the Shining One.
 13995 | D:10     | Found a staircase to the Lair.
 14392 | D:11     | Reached ** piety under Dithmenos
 14393 | D:11     | Reached skill level 13 in Stealth
 14623 | D:11     | Noticed a death knight
 14624 | D:11     | Noticed a phantasmal warrior
 14624 | D:11     | Noticed a phantasmal warrior
 14631 | D:11     | Killed a death knight
 14637 | D:11     | Slain by a phantasmal warrior

Illustrated notes

Levels and vault maps discovered:
D:1:      dpeg_arrival_short_road, layout_basic,
          hellmonk_ecumenical_altar_inner_sanctum, minmay_lizard_pond
D:2:      layout_loops_ring, serial_forest, infiniplex_forest_clump_large,
          infiniplex_forest_end_2, infiniplex_forest_clump_small,
          infiniplex_forest_lined_3, hex_large, minmay_tromino_v4_b
D:3:      kennysheep_big_flooded_room, layout_basic, okawaru_metal_pillars_1_2,
          mainiacjoe_overflow_24_doors, uniq_grinder
D:4:      layout_cave_pools, temple_hall, serial_undead, serial_undead_d,
          serial_undead_a, serial_undead_e, serial_undead_f,
          portal_sewer_entry_a, feat_on_display
D:5:      layout_loops_ring
D:6:      layout_layer_cave, kennysheep_mini_moat,
          mainiacjoe_overflow_tiny_flanked, minmay_puff
D:7:      layout_basic, mainiacjoe_overflow_alcove_4,
          mainiacjoe_overflow_six_doors_small
D:8:      layout_loops_ring, nicolae_dithmenos_the_darkroom, enter_bailey_7,
          minivault_12, uniq_pikel
D:9:      layout_long_grid, pf_just_have_faith, chequers_arboretum
D:10:     layout_big_octagon, nicolae_tso_carved_into_rock, dpeg_lair_monsters,
          uniq_sonja
D:11:     layout_basic
Temple:   nicolae_temple_figure_eight

Skill      XL: |  1  2  3  4  5  6  7  8  9 10 11 |
---------------+----------------------------------+-----
Spellcasting   | 3 4 5 6 7 9 10 11 | 11.4
Hexes          | 4 5 6 7 8 9 10 11 | 11.5
Stealth        | 5 7 10 11 12 13 | 13.2
Dodging        | 5 7 8 |  8.0
Fighting       | 2 3 4 |  4.5
Short Blades   | 3 5 6 |  6.1

Action                   |  1- 3 |  4- 6 |  7- 9 | 10-12 || total
-------------------------+-------+-------+-------+-------++-------
Melee: Dagger            |   154 |   154 |   185 |    30 ||   523
       Punch             |     1 |     2 |     1 |     5 ||     9
       Quick blade       |       |       |       |   244 ||   244
 Cast: Ensorcelled Hiber |    16 |    29 |    60 |    73 ||   178
       Tukima's Dance    |       |     2 |    11 |    33 ||    46
       Confusing Touch   |       |     1 |    11 |     5 ||    17
       Dazzling Flash    |       |       |       |     6 ||     6
Evoke: Wand              |       |     7 |     4 |     5 ||    16
  Use: Scroll            |     6 |     4 |    11 |     4 ||    25
       Potion            |       |     2 |     3 |     3 ||     8
 Stab: Sleeping          |    19 |    10 |    51 |    49 ||   129
       Paralysed         |       |     3 |       |       ||     3
       Confused          |       |     2 |    10 |     3 ||    15
       Invisible         |       |     1 |       |       ||     1
       Distracted        |       |       |     1 |     1 ||     2
Armor: Robe              |    12 |     8 |    14 |       ||    34
       Steam dragon scal |       |       |    10 |    33 ||    43
Dodge: Dodged            |   140 |    99 |   117 |   278 ||   634

Table legend: (Time is in decaauts)
 A = Elapsed time spent in this place.
 B = Non-inter-level travel time spent in this place.
 C = Inter-level travel time spent in this place.
 D = Time resting spent in this place.
 E = Time spent auto-exploring this place.
 F = Levels seen in this place.
 G = Mean time per level.
                   A        B        C        D        E       F      G
               +--------+--------+--------+--------+--------+-----+--------+
         Total |  11280 |  11072 |    208 |   1893 |   6933 |  13 |  867.7 |
       Dungeon |  10439 |  10248 |    191 |   1868 |   6261 |  11 |  949.0 |
        Temple |    153 |    137 |     16 |      0 |    136 |   1 |  153.0 |
        Bailey |    687 |    687 |      0 |     25 |    535 |   1 |  687.0 |
               +--------+--------+--------+--------+--------+-----+--------+

Top non-repeatable levels by time:
     D:3: 1342 daAuts
     D:6: 1330 daAuts
     D:9: 1320 daAuts
     D:2: 1146 daAuts
     D:1: 1129 daAuts
     D:5: 1041 daAuts
     D:4: 1014 daAuts
     D:8: 780 daAuts
  Bailey: 687 daAuts
    D:10: 500 daAuts
    D:11: 420 daAuts
     D:7: 411 daAuts
  Temple: 153 daAuts
